[Event "Titled Tuesday Blitz May 4 2021"]
[White "Brahami, Lamine"]
[Black "Wagh Suyog"]
[WhiteFideId "7905637"]
[BlackFideId "25071688"]
[WhiteElo "1909"]
[BlackElo "2219"]
[Result "1/2-1/2"]
[Round "02"]
[TimeControl "180+1"]
[Date "2021.05.04"]
[WhiteClock "0:00:10"]
[BlackClock "0:00:14"]

1. d4 Nf6 2. c4 g6 3. Nc3 d5 4. Bg5 Ne4 5. Bh4 Nxc3 6. bxc3 Bg7 7. Nf3 c5 8. e3 Nc6 9. Be2 Qa5 10. O-O O-O 11. cxd5 Nb8 12. Bxe7 Re8 13. Bxc5 Qxc3 14. Qa4 Bd7 15. Qb3 Qxb3 16. axb3 Bf5 17. Rfc1 a6 18. b4 Nd7 19. h3 Be4 20. b5 Bxd5 21. bxa6 bxa6 22. Rxa6 Rab8 23. Ra7 Nxc5 24. dxc5 Rb2 25. Bf1 Rc8 26. Ba6 Rc6 27. Bb7 Bxf3 28. gxf3 Rc7 29. c6 Bf6 30. Ra8+ Kg7 31. Rd1 Bh4 32. Rf1 Kf6 33. Ra4 g5 34. f4 h6 35. fxg5+ hxg5 36. Rd4 Ke7 37. Kg2 f5 38. Rd5 Ke6 39. Rd4 Ke5 40. Rc4 Kd5 41. Rd4+ Ke5 42. Rc4 Rd2 43. Rc5+ Ke4 44. Rc4+ Kd5 45. Rfc1 Rxf2+ 46. Kg1 Rf3 47. Rd4+ Ke6 48. Rcd1 Rg3+ 49. Kh2 Rxe3 50. Rd6+ Ke5 51. R1d5+ Kf4 52. Kg2 Re2+ 53. Kf1 Re1+ 54. Kg2 Rce7 55. Rd4+ Ke3 56. Rd3+ Kf4 57. R6d4+ R1e4 58. Rxe4+ Rxe4 59. c7 Re2+ 60. Kf1 Re1+ 61. Kg2 Re2+ 62. Kf1 Re1+ 63. Kg2 Re2+ 1/2-1/2


[Site "https://www.chess.com"]

[Event "Titled Tuesday Blitz May 4 2021"]
[White "Budrewicz, Krzysztof"]
[Black "Tristan, Leonardo"]
[WhiteFideId "1127950"]
[BlackFideId "113816"]
[WhiteElo "2276"]
[BlackElo "2404"]
[Result "1-0"]
[Round "02"]
[TimeControl "180+1"]
[Date "2021.05.04"]
[WhiteClock "0:00:17"]
[BlackClock "0:00:02"]

1. d4 d5 2. c4 e6 3. Nc3 a6 4. cxd5 exd5 5. Nf3 Nf6 6. Bg5 Be6 7. e3 Nbd7 8. Bd3 Bd6 9. O-O c6 10. Rc1 Qc7 11. Bh4 h6 12. Re1 O-O 13. Bb1 Rfe8 14. Qc2 Bg4 15. Bg3 Bxg3 16. hxg3 Bh5 17. Nh4 Bg4 18. a3 a5 19. Qb3 Qb6 20. Qc2 Qd8 21. Nf5 Bxf5 22. Qxf5 Nb6 23. Bd3 a4 24. Rc2 Qd7 25. Qxd7 Nfxd7 26. Rec1 Nc8 27. Rd2 Nd6 28. Kf1 b5 29. Na2 Nc4 30. Bxc4 bxc4 31. Nb4 Re6 32. Rc3 Nf6 33. f3 Rae8 34. Kf2 g5 35. g4 Kg7 36. Na6 Nd7 37. Nc7 R6e7 38. Nxe8+ Rxe8 39. Re2 Nf6 40. Rc1 Rb8 41. Kg3 Rb3 42. Rc3 Rb7 43. e4 Re7 44. Rce3 Rb7 45. e5 Ne8 46. e6 f6 47. e7 Kf7 48. Kf2 Rb8 49. Ke1 Nd6 50. e8=Q+ Nxe8 51. Re7+ Kf8 52. Kd1 Nd6 53. R7e6 Nb5 54. Rxf6+ Kg7 55. Rxc6 Nxd4 56. Re7+ Kf8 57. Rcc7 Rxb2 58. Rh7 Kg8 59. Rcg7+ Kf8 60. Rb7 Rxb7 61. Rxb7 Nb3 62. Rb4 1-0


[Site "https://www.chess.com"]

[Event "Titled Tuesday Blitz May 4 2021"]
[White "Bures, Vit"]
[Black "Omk124"]
[WhiteFideId "309052"]
[WhiteElo "2131"]
[BlackElo "2618"]
[Result "0-1"]
[Round "02"]
[TimeControl "180+1"]
[Date "2021.05.04"]
[WhiteClock "0:00:04"]
[BlackClock "0:00:31"]

1. d4 Nf6 2. c4 g6 3. Nc3 d5 4. cxd5 Nxd5 5. e4 Nxc3 6. bxc3 Bg7 7. Nf3 O-O 8. Be2 c5 9. O-O cxd4 10. cxd4 Nc6 11. Be3 Bg4 12. d5 Ne5 13. Nxe5 Bxe2 14. Qxe2 Bxe5 15. Rad1 Bg7 16. f4 Qa5 17. h4 Rfc8 18. h5 Qa4 19. e5 Rc2 20. Rd2 Rac8 21. hxg6 hxg6 22. Rf2 Rc1+ 23. Kh2 R1c3 24. Bd4 R3c4 25. Qe3 Rd8 26. Bxa7 Re4 27. Qf3 Rc4 28. Be3 Rc3 29. Qe4 Qxe4 0-1


[Site "https://www.chess.com"]

[Event "Titled Tuesday Blitz May 4 2021"]
[White "Buscar, Michael"]
[Black "Khnykin, Nikolay"]
[WhiteFideId "2603616"]
[BlackFideId "4188853"]
[WhiteElo "2010"]
[BlackElo "2280"]
[Result "1-0"]
[Round "02"]
[TimeControl "180+1"]
[Date "2021.05.04"]
[WhiteClock "0:00:40"]
[BlackClock "0:00:17"]

1. d4 e6 2. c4 f5 3. g3 Nf6 4. Bg2 Be7 5. Nh3 O-O 6. Nf4 d6 7. Nd2 Nbd7 8. Nxe6 Qe8 9. Nxc7 Qh5 10. Nxa8 Bd8 11. e3 Qh6 12. b3 f4 13. gxf4 Nb8 14. Ne4 Ng4 15. h3 Nf6 16. Nxf6+ Qxf6 17. Qh5 Nd7 18. Ba3 g6 19. Qd5+ Kh8 20. Qxd6 Qg7 21. Nc7 Rg8 22. Bd5 Bxc7 23. Qxc7 Re8 24. O-O-O Qf6 25. h4 Qa6 26. Qd6 Nb6 27. Qf6# 1-0


[Site "https://www.chess.com"]

[Event "Titled Tuesday Blitz May 4 2021"]
[White "Can, Emre"]
[Black "MATHEUSMDR2005"]
[WhiteFideId "6302181"]
[WhiteElo "2503"]
[BlackElo "2349"]
[Result "1-0"]
[Round "02"]
[TimeControl "180+1"]
[Date "2021.05.04"]
[WhiteClock "0:00:26"]
[BlackClock "0:00:54"]

1. e4 c5 2. Nf3 Nc6 3. c3 e6 4. d4 cxd4 5. cxd4 d5 6. e5 Nge7 7. Bd3 Nf5 8. Bxf5 exf5 9. O-O Be6 10. Nc3 Be7 11. Be3 O-O 12. Rc1 Rc8 13. Ne1 Qa5 14. Nd3 b5 15. Qb3 a6 16. Nxd5 Rfd8 17. N3f4 Bg5 18. Nxe6 fxe6 19. Nf4 Bxf4 20. Qxe6+ Kf8 21. Qxf5+ Kg8 22. Qe6+ Kf8 23. Rxc6 Rxc6 24. Qxc6 Bxe3 25. fxe3+ Kg8 26. Qe6+ Kh8 27. Qf7 h6 28. e6 Qd2 29. e7 Qxe3+ 30. Kh1 Rg8 31. h3 Kh7 32. Qxg8+ Kxg8 33. Rf8+ Kh7 34. e8=Q Qc1+ 35. Kh2 Qc7+ 36. Qe5 Qd7 37. Qf5+ Qxf5 38. Rxf5 Kg6 39. Rf3 Kg5 40. d5 a5 41. d6 b4 42. d7 b3 43. d8=Q+ Kh5 44. g4+ Kg6 45. Qd3+ Kg5 46. Qf5+ Kh4 47. Qh5# 1-0


[Site "https://www.chess.com"]

[Event "Titled Tuesday Blitz May 4 2021"]
[White "Caputcuoglu, Zeki Berke"]
[Black "Rychagov, Andrey"]
[WhiteFideId "34548610"]
[BlackFideId "4119932"]
[WhiteElo "1368"]
[BlackElo "2527"]
[Result "0-1"]
[Round "02"]
[TimeControl "180+1"]
[Date "2021.05.04"]
[WhiteClock "0:00:02"]
[BlackClock "0:00:58"]

1. e4 c6 2. d4 c5 3. d5 e6 4. Nf3 exd5 5. exd5 d6 6. Bd3 Nf6 7. O-O Be7 8. c4 O-O 9. Nc3 Bg4 10. h3 Bxf3 11. Qxf3 Nbd7 12. Bf4 Ne5 13. Bxe5 dxe5 14. Qf5 Bd6 15. Rae1 g6 16. Qf3 Ne8 17. g4 f5 18. Qg2 e4 19. Bc2 Ng7 20. f3 Be5 21. f4 Bxc3 22. bxc3 Qf6 23. Re3 Kh8 24. g5 Qd6 25. h4 a6 26. Bd1 b5 27. h5 bxc4 28. hxg6 hxg6 29. Rh3+ Kg8 30. Qf2 Qxd5 31. Be2 Rad8 32. Rd1 Qe6 33. Rb1 Rd3 34. Bxd3 cxd3 35. Qxc5 Nh5 36. Qe3 Rd8 37. Rd1 Qd6 38. Rh2 Qxf4 39. Qxf4 Nxf4 40. Kf2 Nd5 41. Ke1 Nxc3 42. Rc1 Nxa2 43. Rc6 e3 44. Rxa2 d2+ 45. Kd1 e2+ 0-1


[Site "https://www.chess.com"]

[Event "Titled Tuesday Blitz May 4 2021"]
[White "Cella, Glaucio Dalla Cortt"]
[Black "Petrova, Irina"]
[WhiteFideId "2119455"]
[BlackFideId "14124122"]
[WhiteElo "2011"]
[BlackElo "2022"]
[Result "0-1"]
[Round "02"]
[TimeControl "180+1"]
[Date "2021.05.04"]
[WhiteClock "0:00:16"]
[BlackClock "0:00:14"]

1. e4 d6 2. Nf3 Nf6 3. Nc3 e5 4. Bc4 Be7 5. h3 O-O 6. g4 Nxe4 7. Nxe4 d5 8. Bd3 dxe4 9. Bxe4 Nc6 10. d3 f5 11. gxf5 Bxf5 12. Qe2 Nd4 13. Nxd4 exd4 14. Bxf5 Rxf5 15. Qe6+ Rf7 16. Bd2 Qd6 17. Qb3 Qe5+ 18. Kf1 Rf8 19. Re1 Qf6 20. Rh2 Kh8 21. Re2 Bd6 22. Rg2 Qh4 23. Bb4 c5 24. Qe6 cxb4 25. Qxd6 Qxh3 26. Qd5 Qh1+ 27. Rg1 Qxd5 28. Re4 Qf5 29. Ke2 Qxf2+ 0-1


[Site "https://www.chess.com"]

[Event "Titled Tuesday Blitz May 4 2021"]
[White "Ceres, Dragos"]
[Black "Goltsev, Dmitry"]
[WhiteFideId "13905864"]
[BlackFideId "24176710"]
[WhiteElo "2118"]
[BlackElo "2383"]
[Result "1-0"]
[Round "02"]
[TimeControl "180+1"]
[Date "2021.05.04"]
[WhiteClock "0:00:08"]
[BlackClock "0:00:02"]

1. e4 e6 2. d4 d5 3. Nd2 Nf6 4. e5 Nfd7 5. f4 c5 6. c3 Nc6 7. Ndf3 a6 8. Bd3 b5 9. Ne2 g6 10. Be3 Be7 11. Kf2 Qb6 12. a3 a5 13. dxc5 Nxc5 14. b4 Nxd3+ 15. Qxd3 Qb8 16. Ned4 Nxd4 17. Nxd4 Bd7 18. Nb3 a4 19. Nc5 Bc6 20. Bd4 h5 21. g3 Kd8 22. Rhe1 Kc7 23. Rad1 Qc8 24. Qe3 h4 25. g4 h3 26. Ke2 Rh4 27. Rg1 Qg8 28. Nd3 Kb7 29. Bc5 Bd8 30. Nf2 g5 31. Rg3 gxf4 32. Qxf4 Bg5 33. Qd4 Qh8 34. Rdd3 f5 35. Rdf3 Qg7 36. Bd6 Bd8 37. Nd3 Bb6 38. Bc5 fxg4 39. Rf6 Bc7 40. Bd6 Bb6 41. Qf4 Rh7 42. Rxg4 Qd7 43. Nc5+ Bxc5 44. Bxc5 d4 45. Qxd4 Bd5 46. Qd3 Ka6 47. Kd2 Rg7 48. Rxg7 Qxg7 49. Qxd5 Qg5+ 50. Kc2 Qg2+ 51. Qxg2 hxg2 52. Rxe6+ Kb7 53. Rg6 Re8 54. Rg7+ Kc6 55. Rxg2 Rxe5 56. Bd4 Rh5 57. Kd3 Kd5 58. Kc2 Kc4 59. Rf2 Rh3 60. Be5 Re3 61. Bd4 Rh3 62. Kb2 Kd3 63. Rc2 Rh5 64. Bc5 Kc4 65. Bd6 Rh3 66. Bg3 Rh5 67. Rd2 Rxh2 68. Kc2 Rg2 69. Bf2 Rxf2 70. Rxf2 Kd5 71. Rd2+ Kc4 72. Rd4# 1-0


[Site "https://www.chess.com"]

[Event "Titled Tuesday Blitz May 4 2021"]
[White "Chabris, Christopher"]
[Black "Royal, Shreyas"]
[WhiteFideId "2005263"]
[BlackFideId "448869"]
[WhiteElo "2274"]
[BlackElo "1931"]
[Result "0-1"]
[Round "02"]
[TimeControl "180+1"]
[Date "2021.05.04"]
[WhiteClock "0:00:05"]
[BlackClock "0:01:27"]

1. e4 e5 2. Nf3 Nc6 3. Bb5 a6 4. Ba4 Nf6 5. O-O Be7 6. Re1 b5 7. Bb3 d6 8. c3 O-O 9. h3 Nb8 10. d4 Nbd7 11. Nbd2 c5 12. d5 c4 13. Bc2 Qc7 14. Nf1 Nc5 15. b4 cxb3 16. axb3 Bd7 17. Ng3 a5 18. Bd2 Rfb8 19. b4 Na4 20. Bxa4 bxa4 21. Nh4 Nxd5 22. Nhf5 Bxf5 23. Nxf5 Nf4 24. Bxf4 exf4 25. Qg4 Bf6 26. Rac1 f3 27. gxf3 a3 28. f4 g6 29. e5 dxe5 30. fxe5 Bxe5 31. Nh6+ Kg7 32. Nf5+ Kh8 33. Nh6 Bg7 34. Qh4 a2 35. Re7 Qb6 36. Nxf7+ Kg8 37. Qc4 Kf8 38. Ng5 Kxe7 39. Qe6+ Qxe6 0-1


[Site "https://www.chess.com"]

[Event "Titled Tuesday Blitz May 4 2021"]
[White "Chandratreya, Prachiti"]
[Black "Baches Garcia, Guillermo"]
[WhiteFideId "46611215"]
[BlackFideId "2209764"]
[WhiteElo "1737"]
[BlackElo "2454"]
[Result "1/2-1/2"]
[Round "02"]
[TimeControl "180+1"]
[Date "2021.05.04"]
[WhiteClock "0:00:13"]
[BlackClock "0:00:11"]

1. e4 c5 2. c3 d5 3. exd5 Qxd5 4. d4 Nc6 5. Nf3 Bg4 6. Be2 cxd4 7. cxd4 e6 8. Nc3 Bb4 9. O-O Qa5 10. d5 O-O-O 11. a3 exd5 12. Bg5 Be7 13. b4 Qc7 14. Nxd5 Qd7 15. Nxe7+ Ngxe7 16. Qa4 Kb8 17. Bf4+ Ka8 18. Be3 Bxf3 19. Bxf3 Nd4 20. Qxd7 Nxf3+ 21. gxf3 Rxd7 22. Rfd1 Rhd8 23. Rxd7 Rxd7 24. Rc1 b6 25. Rc3 Kb7 26. Kg2 Nd5 27. Rb3 g6 28. Kg3 Ne7 29. Kg2 Nf5 30. Bg5 Rd5 31. Bf6 h5 32. Rc3 Nd6 33. Bd8 Nb5 34. Re3 Rxd8 35. Re7+ Nc7 36. Rxf7 Rd6 37. f4 b5 38. f5 gxf5 39. Rxf5 Rd5 40. Rf7 Kc6 41. f4 Rd2+ 42. Kg3 Rd3+ 43. Kh4 Rxa3 44. f5 a5 45. f6 axb4 46. Kxh5 Ne6 47. Re7 Kd6 48. Rb7 Kc5 49. f7 Rf3 50. Kg4 Rf4+ 51. Kg3 b3 52. Re7 Kd6 53. Rb7 Rb4 54. Rb6+ Ke7 55. Rxe6+ Kxf7 56. Re1 b2 57. Rb1 Ke6 58. h4 Kd5 59. h5 Kc4 60. h6 Rb3+ 61. Kg2 Ra3 62. Rxb2 Ra8 63. Kf3 b4 64. Kg4 Kc3 65. Rb1 b3 66. Kg5 Kc2 67. Rh1 b2 68. Kg6 b1=Q 69. Rxb1 Kxb1 70. h7 Ra6+ 71. Kg7 Ra7+ 72. Kg6 Rxh7 73. Kxh7 1/2-1/2


[Site "https://www.chess.com"]

[Event "Titled Tuesday Blitz May 4 2021"]
[White "Chen, Forest"]
[Black "Leitao, Rafael"]
[WhiteFideId "30908205"]
[BlackFideId "2101246"]
[WhiteElo "2524"]
[BlackElo "2609"]
[Result "1/2-1/2"]
[Round "02"]
[TimeControl "180+1"]
[Date "2021.05.04"]
[WhiteClock "0:00:37"]
[BlackClock "0:01:01"]

1. d4 Nf6 2. c4 g6 3. Nc3 Bg7 4. e4 d6 5. Nf3 O-O 6. Be2 e5 7. O-O exd4 8. Nxd4 Re8 9. f3 c6 10. Kh1 d5 11. cxd5 cxd5 12. Bb5 Bd7 13. exd5 Bxb5 14. Ndxb5 a6 15. Na3 Nbd7 16. Bf4 Nb6 17. Qb3 Nh5 18. Bd2 Qh4 19. Ne4 Be5 20. f4 Bd4 21. Ng5 Re3 22. Bxe3 Ng3+ 23. Kg1 Ne2+ 24. Kh1 Ng3+ 25. Kg1 Ne2+ 26. Kh1 Ng3+ 1/2-1/2


[Site "https://www.chess.com"]

[Event "Titled Tuesday Blitz May 4 2021"]
[White "Chernomordik, Pavel"]
[Black "Chen, Alex"]
[WhiteFideId "2804530"]
[BlackFideId "30929652"]
[WhiteElo "2299"]
[BlackElo "2054"]
[Result "1-0"]
[Round "02"]
[TimeControl "180+1"]
[Date "2021.05.04"]
[WhiteClock "0:00:32"]
[BlackClock "0:00:43"]

1. e4 c5 2. Nc3 Nc6 3. Bb5 Nd4 4. Bc4 g6 5. Nge2 Bg7 6. Nxd4 cxd4 7. Qf3 Nh6 8. Ne2 O-O 9. h3 e6 10. g4 f5 11. exf5 d5 12. Bb3 gxf5 13. g5 Qxg5 14. d3 Qf6 15. Rg1 Kh8 16. Bg5 Qf7 17. Nf4 Ng8 18. O-O-O Nf6 19. Rde1 Bd7 20. Bh4 a5 21. a3 a4 22. Ba2 Rae8 23. Qg3 Rg8 24. Qg2 Bh6 25. Qf3 e5 26. Rxg8+ Nxg8 27. Bxd5 Bxf4+ 28. Kb1 Qf8 29. Bxg8 Kxg8 30. Rg1+ Kh8 31. Qxb7 Rd8 32. Bxd8 Qxd8 33. Qd5 Qe7 34. Qg8# 1-0


[Site "https://www.chess.com"]

[Event "Titled Tuesday Blitz May 4 2021"]
[White "Christensen, Thomas"]
[Black "elcandado"]
[WhiteFideId "1403532"]
[WhiteElo "2285"]
[BlackElo "2610"]
[Result "1-0"]
[Round "02"]
[TimeControl "180+1"]
[Date "2021.05.04"]
[WhiteClock "0:00:15"]
[BlackClock "0:00:07"]

1. d4 Nf6 2. Nc3 d6 3. e4 e5 4. f4 exd4 5. Qxd4 Nc6 6. Qd1 g6 7. Bd3 Bg7 8. Nf3 O-O 9. O-O Re8 10. Qe1 a6 11. f5 b5 12. Qh4 b4 13. Ne2 Nxe4 14. Ng5 Nxg5 15. Bxg5 Qd7 16. f6 Bf8 17. Rf4 Re5 18. Ng3 Rxg5 19. Qxg5 h6 20. Qh4 g5 21. Qh5 gxf4 22. Nf5 Ne5 23. Nxh6+ Bxh6 24. Qxh6 Qg4 25. Bh7+ Kh8 26. Bf5+ Kg8 27. Bh7+ Kh8 28. Bf5+ Kg8 29. Bxg4 1-0


[Site "https://www.chess.com"]

[Event "Titled Tuesday Blitz May 4 2021"]
[White "Christiansen, Johan-Sebastian"]
[Black "Havanecz, Bianka"]
[WhiteFideId "1512668"]
[BlackFideId "704814"]
[WhiteElo "2593"]
[BlackElo "2348"]
[Result "1-0"]
[Round "02"]
[TimeControl "180+1"]
[Date "2021.05.04"]
[WhiteClock "0:00:55"]
[BlackClock "0:00:06"]

1. e4 c6 2. d4 d5 3. Nd2 dxe4 4. Nxe4 Nf6 5. Nxf6+ exf6 6. c3 Bd6 7. Bd3 O-O 8. Ne2 Re8 9. Qc2 h5 10. Bd2 Nd7 11. O-O Nf8 12. Rae1 h4 13. h3 a5 14. Nf4 Rxe1 15. Rxe1 a4 16. Qd1 Qc7 17. Qf3 Be6 18. c4 Re8 19. Nh5 Nd7 20. d5 cxd5 21. cxd5 Ne5 22. Rxe5 Bxe5 23. dxe6 Rxe6 24. Qg4 g6 25. Bxg6 Bh2+ 26. Kh1 Kf8 27. Bf5 Rd6 28. Qg7+ Ke7 29. Bb4 Qc1+ 30. Kxh2 1-0


[Site "https://www.chess.com"]

[Event "Titled Tuesday Blitz May 4 2021"]
[White "Chyzy, Jakub"]
[Black "Kalogeris, Ioannis"]
[WhiteFideId "21806209"]
[BlackFideId "4239563"]
[WhiteElo "2013"]
[BlackElo "2287"]
[Result "0-1"]
[Round "02"]
[TimeControl "180+1"]
[Date "2021.05.04"]
[WhiteClock "0:00:02"]
[BlackClock "0:00:25"]

1. b3 e5 2. Bb2 Nc6 3. e3 a6 4. Nf3 d6 5. d4 exd4 6. Nxd4 Ne5 7. Be2 Nf6 8. O-O Be7 9. c4 c5 10. Nf3 Ng6 11. Nc3 O-O 12. Nd2 d5 13. cxd5 Nxd5 14. Nxd5 Qxd5 15. Bf3 Qe6 16. Nc4 Rb8 17. Bd5 Qd7 18. Nb6 Qc7 19. Nxc8 Rbxc8 20. Rc1 Rfd8 21. Qf3 Bd6 22. Bxb7 Bxh2+ 23. Kh1 Rb8 24. Bxa6 Bd6 25. Bc4 Qe7 26. g3 Rd7 27. Kg2 Ra7 28. a4 h6 29. Rcd1 Be5 30. Qe4 Qf6 31. Bxe5 Nxe5 32. Bd5 Rb4 33. Qc2 c4 34. bxc4 Rbxa4 35. c5 Rb4 36. c6 Rc7 37. Be4 Rc4 38. Qb1 g6 39. Qb8+ Kg7 40. Qxc7 Rxe4 41. f4 Ng4 42. Qd7 Nxe3+ 43. Kf3 Nxd1 44. Kxe4 Nc3+ 45. Kd3 Nb5 46. c7 Qc3+ 47. Ke4 Nxc7 48. Qd5 f5+ 49. Qxf5 gxf5+ 50. Kxf5 Qd3+ 51. Kg4 Qxf1 52. Kf5 Qe2 53. g4 Nd5 54. g5 Ne7# 0-1


[Site "https://www.chess.com"]

[Event "Titled Tuesday Blitz May 4 2021"]
[White "Coelho, Ramyres Santana"]
[Black "Omariev, Maksim"]
[WhiteFideId "2120690"]
[BlackFideId "4193423"]
[WhiteElo "1888"]
[BlackElo "2401"]
[Result "0-1"]
[Round "02"]
[TimeControl "180+1"]
[Date "2021.05.04"]
[WhiteClock "0:00:05"]
[BlackClock "0:00:10"]

1. e4 c5 2. Nf3 d6 3. d4 cxd4 4. Nxd4 Nf6 5. Nc3 a6 6. f3 e6 7. Be3 b5 8. Qd2 Nbd7 9. a3 Bb7 10. O-O-O Rc8 11. g4 Nb6 12. h4 Be7 13. h5 Nfd7 14. g5 Ne5 15. Bd3 Nec4 16. Bxc4 Nxc4 17. Qf2 Nxe3 18. Qxe3 Bxg5 19. f4 Bh6 20. Rhg1 Qf6 21. Nde2 e5 22. Qb6 Bc6 23. Qxa6 O-O 24. Kb1 exf4 25. Nxb5 Bxe4 26. Rxd6 Qe5 27. Nec3 Kh8 28. Rxh6 gxh6 29. Nxe4 Rg8 30. Re1 f3 31. Qf6+ Qxf6 32. Nxf6 f2 33. Rf1 Rg1 34. Rxg1 fxg1=Q+ 35. Ka2 Qg5 36. Nd6 Qxf6 37. Nxc8 Qe6+ 38. b3 Qxc8 39. a4 Qxc2+ 40. Ka3 f5 41. a5 f4 42. a6 f3 43. a7 Qc5+ 44. Kb2 Qxa7 0-1


[Site "https://www.chess.com"]

[Event "Titled Tuesday Blitz May 4 2021"]
[White "Colas, Joshua"]
[Black "Zeltsan, Joseph"]
[WhiteFideId "2044447"]
[BlackFideId "30932980"]
[WhiteElo "2347"]
[BlackElo "2195"]
[Result "1-0"]
[Round "02"]
[TimeControl "180+1"]
[Date "2021.05.04"]
[WhiteClock "0:00:18"]
[BlackClock "0:00:22"]

1. Nf3 Nf6 2. c4 e6 3. g3 d5 4. Bg2 Be7 5. O-O O-O 6. b3 b6 7. Bb2 Bb7 8. e3 dxc4 9. bxc4 c5 10. Nc3 Nc6 11. Qe2 Qc7 12. Rfd1 a6 13. Rab1 Rfd8 14. d3 Ne8 15. Ne1 Nd6 16. Qg4 Ne5 17. Qh5 Bxg2 18. Nxg2 Nf5 19. Nd5 exd5 20. Qxf5 Bf6 21. cxd5 Rxd5 22. d4 cxd4 23. exd4 Qd7 24. Qxd7 Nxd7 25. Ne3 Rb5 26. Bc3 Rxb1 27. Rxb1 Rc8 28. Nd5 b5 29. Nxf6+ Nxf6 30. Bb4 Rc2 31. a3 Nd5 32. Re1 f6 33. Re8+ Kf7 34. Ra8 Rc6 35. Bc5 g5 36. h3 h5 37. Kg2 Nc3 38. Kf3 Kg6 39. Ra7 Re6 40. g4 f5 41. Rd7 hxg4+ 42. hxg4 fxg4+ 43. Kxg4 Re4+ 44. Kf3 Rf4+ 45. Kg2 Rf5 46. Rd6+ Rf6 47. Rd8 Ne4 48. Bb4 Rxf2+ 49. Kg1 Rf6 50. d5 g4 51. d6 Kf5 52. d7 Rf7 53. Rf8 Rxf8 54. Bxf8 1-0


[Site "https://www.chess.com"]

[Event "Titled Tuesday Blitz May 4 2021"]
[White "Costachi, Mihnea"]
[Black "Balaji, Aaravamudhan"]
[WhiteFideId "1217518"]
[BlackFideId "436224"]
[WhiteElo "2479"]
[BlackElo "2085"]
[Result "1-0"]
[Round "02"]
[TimeControl "180+1"]
[Date "2021.05.04"]
[WhiteClock "0:02:14"]
[BlackClock "0:00:02"]

1. d4 Nf6 2. c4 g6 3. Nc3 Bg7 4. e4 d6 5. Be2 O-O 6. Bg5 c5 7. d5 e6 8. Nf3 exd5 9. cxd5 Re8 10. Nd2 a6 11. a4 h6 12. Be3 Nbd7 13. O-O Ne5 14. h3 g5 15. f4 gxf4 16. Bxf4 Ng6 17. Bg3 Rb8 18. Kh1 Ne5 19. Qe1 Qb6 20. Bxe5 dxe5 21. Nc4 Qd8 22. a5 Bd7 23. Qg3 Nh7 24. Nd6 Rf8 25. Bh5 f5 26. Nxf5 Bxf5 27. Rxf5 Rxf5 28. exf5 Qg5 29. Qxg5 Nxg5 30. h4 Nh7 31. Bf3 Nf6 32. d6 Rd8 33. Rd1 e4 34. Nxe4 Nxe4 35. Bxe4 Bxb2 36. Bxb7 Bd4 37. Bxa6 Rxd6 38. Bc4+ Kg7 39. a6 Rd7 40. Rb1 Be5 41. Rb7 Rxb7 42. axb7 Kf6 43. g4 Bg3 44. Kg2 Bb8 45. Bd3 Ke5 46. g5 hxg5 47. hxg5 Kd4 48. g6 1-0


[Site "https://www.chess.com"]

[Event "Titled Tuesday Blitz May 4 2021"]
[White "Crevatin, Leo"]
[Black "Lysenko, Volodymyr"]
[WhiteFideId "1726307"]
[BlackFideId "14175770"]
[WhiteElo "2081"]
[BlackElo "1957"]
[Result "1-0"]
[Round "02"]
[TimeControl "180+1"]
[Date "2021.05.04"]
[WhiteClock "0:00:31"]
[BlackClock "0:00:07"]

1. d4 f5 2. Nf3 Nf6 3. Bf4 d6 4. e3 g6 5. Bc4 Bg7 6. h3 e6 7. Nbd2 Qe7 8. Qe2 Nc6 9. O-O-O Bd7 10. g4 O-O-O 11. e4 e5 12. dxe5 dxe5 13. Bg5 h6 14. Bxf6 Qxf6 15. gxf5 gxf5 16. Bd5 Nd4 17. Nxd4 exd4 18. Nc4 Rhe8 19. e5 Qg5+ 20. Kb1 Qf4 21. Rhe1 Kb8 22. e6 Bb5 23. a4 Ba6 24. b4 Rxd5 25. b5 Bxb5 26. axb5 Rxb5+ 27. Ka2 a6 28. e7 d3 29. Qxd3 Ka7 30. Qe3+ Qxe3 31. Rxe3 Bf6 32. Re6 Bxe7 33. Rde1 Rc5 34. Kb3 b5 35. Na5 Rg8 36. Rxe7 Kb6 37. Kb4 Rg6 38. R1e6+ Rxe6 39. Rxe6+ c6 40. Rxh6 f4 41. Rxc6+ Rxc6 42. Nxc6 Kxc6 43. Ka5 Kc5 44. Kxa6 Kc4 45. h4 b4 46. Ka5 Kc3 47. h5 Kxc2 48. Kxb4 Kd2 49. h6 Ke2 50. h7 Kxf2 51. h8=Q f3 52. Qh2+ Ke1 53. Qg1+ Ke2 54. Qg4 Ke3 55. Kc3 f2 56. Qd1 1-0


[Site "https://www.chess.com"]

[Event "Titled Tuesday Blitz May 4 2021"]
[White "Cunjalo, Faris"]
[Black "Kabanov, Nikolai"]
[WhiteFideId "14410710"]
[BlackFideId "4127820"]
[WhiteElo "2234"]
[BlackElo "2376"]
[Result "1-0"]
[Round "02"]
[TimeControl "180+1"]
[Date "2021.05.04"]
[WhiteClock "0:00:12"]
[BlackClock "0:00:05"]

1. c4 c5 2. Nf3 Nc6 3. d4 cxd4 4. Nxd4 g6 5. e4 Bg7 6. Be3 Nf6 7. Nc3 O-O 8. Be2 d6 9. O-O Nxd4 10. Bxd4 b6 11. Qd2 Bb7 12. f3 Rc8 13. Rac1 Qd7 14. b3 Rfd8 15. Rfd1 e6 16. Qg5 h6 17. Qh4 g5 18. Qf2 Qe7 19. Bf1 d5 20. cxd5 exd5 21. Nxd5 Nxd5 22. Rxc8 Bxc8 23. Bxg7 Kxg7 24. exd5 Qe5 25. Bc4 Bb7 26. Qd2 Rd6 27. a4 a5 28. Re1 Qf6 29. Re4 Qa1+ 30. Kf2 Qf6 31. f4 g4 32. Kg3 h5 33. Re5 h4+ 34. Kxg4 Bc8+ 35. Kf3 Kf8 36. Qe3 Bd7 37. Kf2 Qg6 38. Qe4 Qg7 39. Qe3 Qf6 40. g3 Qg6 41. Qe4 Qf6 42. Qh7 hxg3+ 43. hxg3 Qg7 44. Qxg7+ Kxg7 45. Kf3 Kf6 46. g4 Bc8 47. g5+ Kg7 48. Ke4 Bd7 49. Kd4 f6 50. Re7+ Kg6 51. Bd3+ Kh5 52. Rh7+ Kg4 53. g6 Be6 54. Bc4 Kxf4 55. g7 Bg8 56. Rh8 Rd8 57. d6 Rxd6+ 58. Kc3 Bxc4 59. bxc4 1-0


[Site "https://www.chess.com"]

[Event "Titled Tuesday Blitz May 4 2021"]
[White "Czopor, Maciej"]
[Black "Cuevas, Alex"]
[WhiteFideId "21805431"]
[BlackFideId "114260"]
[WhiteElo "1939"]
[BlackElo "2289"]
[Result "1-0"]
[Round "02"]
[TimeControl "180+1"]
[Date "2021.05.04"]
[WhiteClock "0:00:20"]
[BlackClock "0:00:13"]

1. e4 c6 2. d4 d5 3. e5 c5 4. dxc5 e6 5. a3 Bxc5 6. Nf3 Ne7 7. Bd3 Ng6 8. O-O Nc6 9. b4 Be7 10. Bb2 Nf4 11. Re1 Nxd3 12. Qxd3 O-O 13. Nbd2 f6 14. Nb3 fxe5 15. Nxe5 Bf6 16. Nxc6 bxc6 17. Bd4 Bd7 18. Re3 e5 19. Bxe5 Bxe5 20. Rxe5 Rxf2 21. Rae1 Qf6 22. Nc5 Rd8 23. Qe3 Rf8 24. h3 Bc8 25. Nd3 Rf1+ 26. Rxf1 Qxf1+ 27. Kh2 h6 28. Re7 Qf6 29. Rxa7 d4 30. Qg3 Bf5 31. Nc5 Bg6 32. Nd7 Qf7 33. Nxf8 Qxa7 34. Nxg6 Kh7 35. Ne5 Qa6 36. Qd3+ Qxd3 37. Nxd3 1-0


[Site "https://www.chess.com"]

[Event "Titled Tuesday Blitz May 4 2021"]
[White "Daniel, Damian"]
[Black "Rios Parra, Alejandro"]
[WhiteFideId "1183621"]
[BlackFideId "4400348"]
[WhiteElo "2055"]
[BlackElo "2188"]
[Result "1-0"]
[Round "02"]
[TimeControl "180+1"]
[Date "2021.05.04"]
[WhiteClock "0:00:49"]
[BlackClock "0:00:25"]

1. d4 Nf6 2. c4 e6 3. g3 c5 4. d5 exd5 5. cxd5 d6 6. Nc3 g6 7. Bg2 Bg7 8. Nf3 O-O 9. O-O a6 10. a4 Nbd7 11. Bf4 Qc7 12. Qd2 Rb8 13. Rac1 Re8 14. b4 Nh5 15. Be3 b6 16. a5 Rxe3 17. Qxe3 bxa5 18. bxc5 Nxc5 19. Ne4 Rb5 20. Nd4 1-0


[Site "https://www.chess.com"]

[Event "Titled Tuesday Blitz May 4 2021"]
[White "De Waele, Warre"]
[Black "Schmidt, Harald"]
[WhiteFideId "241156"]
[BlackFideId "4648358"]
[WhiteElo "2183"]
[BlackElo "2277"]
[Result "1-0"]
[Round "02"]
[TimeControl "180+1"]
[Date "2021.05.04"]
[WhiteClock "0:01:18"]
[BlackClock "0:00:30"]

1. c4 b6 2. d4 Bb7 3. Nc3 f5 4. a3 Nf6 5. d5 c6 6. g3 cxd5 7. cxd5 e5 8. Bg2 d6 9. Nf3 h6 10. O-O Be7 11. Nh4 Qd7 12. Ng6 Rg8 13. Bh3 Kf7 14. e4 Kxg6 15. Bxf5+ Qxf5 16. exf5+ Kh7 17. f4 Nbd7 18. Be3 Rac8 19. Qe2 Rge8 20. Rfd1 Nc5 21. fxe5 dxe5 22. d6 Bf8 23. Rac1 Rcd8 24. Bxc5 bxc5 25. Nb5 e4 26. Nc7 Re5 27. Ne6 1-0


[Site "https://www.chess.com"]